[Event "Titled Tuesday Blitz October 12 2021"]
[White "Khademalsharieh, Sarasadat"]
[Black "Martinovici, Ilia"]
[WhiteFideId "12512214"]
[BlackFideId "13907034"]
[WhiteElo "2431"]
[BlackElo "2303"]
[Result "1-0"]
[Round "10"]
[TimeControl "180+1"]
[Date "2021.10.12"]
[WhiteClock "0:01:31"]
[BlackClock "0:01:51"]

1. d4 d5 2. Nf3 Nf6 3. e3 c5 4. c3 Nc6 5. Nbd2 cxd4 6. exd4 Bg4 7. Bd3 e6 8. O-O Bd6 9. b3 O-O 10. Bb2 Rc8 11. Qe1 Re8 12. Ne5 Bh5 13. f4 Bg6 14. Bxg6 hxg6 15. Ndf3 Ne4 16. c4 dxc4 17. Qxe4 Bxe5 18. fxe5 cxb3 19. axb3 Qb6 20. Ng5 Nxe5 21. Qxe5 f6 22. Rxf6 gxf6 23. Qxf6 Qc7 24. d5 e5 25. d6 Qd7 26. Bxe5 Rxe5 27. Qxe5 Re8 28. Qf6 1-0


[Site "https://www.chess.com"]

[Event "Titled Tuesday Blitz October 12 2021"]
[White "Khusnutdinov, Rustam"]
[Black "Samsonkin, Artiom"]
[WhiteFideId "13701703"]
[BlackFideId "13503111"]
[WhiteElo "2571"]
[BlackElo "2513"]
[Result "0-1"]
[Round "10"]
[TimeControl "180+1"]
[Date "2021.10.12"]
[WhiteClock "0:00:02"]
[BlackClock "0:00:02"]

1. d4 Nf6 2. c4 e6 3. Nc3 Bb4 4. g3 O-O 5. Bg2 d5 6. Nf3 Nc6 7. O-O dxc4 8. Qa4 Bd7 9. Bg5 Bxc3 10. Bxf6 Nxd4 11. Nxd4 Bxa4 12. Bxd8 Bxd4 13. Bxc7 Bxb2 14. Bxb7 Rab8 15. Bxb8 Rxb8 16. Rad1 f5 17. Ba6 Bxd1 18. Rxd1 c3 19. Bd3 Rd8 20. Bc2 Rxd1+ 21. Bxd1 Kf7 22. Bc2 Kf6 23. e4 g6 24. Kf1 Ke5 25. exf5 exf5 26. Ke2 g5 27. Kd3 h5 28. h3 g4 29. h4 Ba3 30. Ba4 Bc5 31. Ke2 f4 32. gxf4+ Kxf4 33. Bc2 Be7 34. Bg6 Bxh4 35. Bxh5 c2 36. Kd2 Bxf2 37. Be8 Kg3 38. Bd7 Kh4 39. Bc6 Kh3 40. Bd7 Bb6 41. Kxc2 Kh4 42. Kd3 g3 43. Bc6 Kh3 44. Bd7+ Kh2 45. Kc4 g2 0-1


[Site "https://www.chess.com"]

[Event "Titled Tuesday Blitz October 12 2021"]
[White "Korchmar, Vasiliy"]
[Black "Wagner, Dennis"]
[WhiteFideId "24131750"]
[BlackFideId "24650684"]
[WhiteElo "2370"]
[BlackElo "2355"]
[Result "0-1"]
[Round "10"]
[TimeControl "180+1"]
[Date "2021.10.12"]
[WhiteClock "0:00:01"]
[BlackClock "0:00:03"]

1. e4 e5 2. Nf3 Nc6 3. Nc3 Nf6 4. h3 Bb4 5. Nd5 Nxd5 6. exd5 e4 7. dxc6 exf3 8. Qxf3 dxc6 9. Bc4 Qe7+ 10. Kd1 O-O 11. Re1 Qd8 12. Re4 a5 13. d3 b5 14. Bb3 Bd6 15. a4 Bd7 16. Qh5 Qf6 17. Be3 c5 18. c3 c4 19. dxc4 bxa4 20. Bc2 Bf5 21. Bd4 Bg6 22. Qe2 Qd8 23. Rg4 c5 24. Be3 f5 25. Rxg6 hxg6 26. Kc1 Qc7 27. Bxa4 Bf4 28. Bxf4 Qxf4+ 29. Kb1 Rab8 30. Bc6 Kh7 31. Rxa5 Rb6 32. Bd5 Rfb8 33. Ra2 Rd8 34. g3 Qb8 35. h4 Re8 36. Qd1 Qe5 37. h5 Qe2 38. hxg6+ Kxg6 39. Qh1 Qd3+ 40. Ka1 Qd2 41. Bf3 Re1+ 42. Qxe1 Qxe1+ 0-1


[Site "https://www.chess.com"]

[Event "Titled Tuesday Blitz October 12 2021"]
[White "Kucuksari, Kaan"]
[Black "Timmermans, Mark"]
[WhiteFideId "6380166"]
[BlackFideId "1026399"]
[WhiteElo "2301"]
[BlackElo "2460"]
[Result "0-1"]
[Round "10"]
[TimeControl "180+1"]
[Date "2021.10.12"]
[WhiteClock "0:01:43"]
[BlackClock "0:02:14"]

1. d4 Nf6 2. Bg5 Ne4 3. Bf4 c5 4. f3 Qa5+ 5. c3 Nf6 6. d5 e6 7. e4 exd5 8. exd5 d6 9. Qe2+ Be7 10. Bxd6 Nxd5 11. Bxe7 Nxe7 12. Qb5+ Qxb5 13. Bxb5+ Bd7 14. a4 a6 15. Bxd7+ Nxd7 16. Kf2 O-O-O 17. Ne2 Ne5 18. b3 Nf5 19. f4 Nd3+ 20. Kf3 Rhe8 21. Ng3 Re3+ 22. Kg4 Nf2+ 23. Kh5 g6+ 24. Kg5 h6+ 25. Kf6 Rd6+ 26. Kxf7 Re7+ 0-1


[Site "https://www.chess.com"]

[Event "Titled Tuesday Blitz October 12 2021"]
[White "Langrock, Hannes"]
[Black "Krivonosov, Oleg"]
[WhiteFideId "4655290"]
[BlackFideId "11600349"]
[WhiteElo "2325"]
[BlackElo "2469"]
[Result "1/2-1/2"]
[Round "10"]
[TimeControl "180+1"]
[Date "2021.10.12"]
[WhiteClock "0:00:49"]
[BlackClock "0:01:30"]

1. d4 d5 2. c4 e6 3. Nf3 Nf6 4. g3 Be7 5. Bg2 O-O 6. O-O Nbd7 7. b3 c6 8. Qc2 b6 9. Nbd2 Bb7 10. e4 dxe4 11. Nxe4 c5 12. Nxf6+ Bxf6 13. Bb2 Qc7 14. dxc5 bxc5 15. Rad1 Rad8 16. Rd2 Bxb2 17. Qxb2 Bxf3 18. Bxf3 Ne5 19. Bg2 Rxd2 20. Qxd2 Rd8 21. Qe2 a5 22. Re1 Nc6 23. Bxc6 Qxc6 24. Rd1 Rxd1+ 25. Qxd1 Qc7 26. Qd3 g6 27. h4 h5 28. Qe4 Qb6 29. Kg2 Qb4 30. Qa8+ Kg7 31. Qa7 Qa3 32. Qc7 Qxa2 33. Qe5+ Kh7 34. Qc7 Kg7 35. Qe5+ Kh7 36. Qc7 Kg7 1/2-1/2


[Site "https://www.chess.com"]

[Event "Titled Tuesday Blitz October 12 2021"]
[White "Lazavik, Denis"]
[Black "Yilmaz, Mustafa"]
[WhiteFideId "13515110"]
[BlackFideId "6302718"]
[WhiteElo "2436"]
[BlackElo "2518"]
[Result "1-0"]
[Round "10"]
[TimeControl "180+1"]
[Date "2021.10.12"]
[WhiteClock "0:00:07"]
[BlackClock "0:00:19"]

1. d4 Nf6 2. c4 e6 3. Nf3 d5 4. Nc3 c6 5. e3 Nbd7 6. Qc2 Bd6 7. b3 O-O 8. Be2 b6 9. O-O Bb7 10. Bb2 Rc8 11. Rad1 Qc7 12. e4 dxe4 13. Nxe4 Nxe4 14. Qxe4 c5 15. Qh4 Rfe8 16. dxc5 Bxc5 17. Ng5 Nf8 18. Bd3 f5 19. Qh5 e5 20. Be2 e4 21. Nh3 Qf7 22. Qxf7+ Kxf7 23. Bc1 Rcd8 24. Be3 Ne6 25. Nf4 Nd4 26. h4 g6 27. Rd2 Rd7 28. Rfd1 Red8 29. Kf1 Bc6 30. Nh3 Nxe2 31. Rxd7+ Rxd7 32. Rxd7+ Bxd7 33. Kxe2 Ba3 34. Ng5+ Kg8 35. Bf4 h6 36. Nh3 Kg7 37. Be5+ Kf7 38. Bb8 a6 39. Bc7 b5 40. cxb5 Bxb5+ 41. Ke1 Bb4+ 42. Kd1 Bf1 43. Nf4 g5 44. hxg5 hxg5 45. Nd5 Bc5 46. Ne3 Bd3 47. Nxf5 Bxf2 48. Kd2 Bb1 49. a4 Ba2 50. Kc2 e3 51. Bb6 Ke6 52. Bxe3 Be1 53. Nd4+ Kd5 54. Nf3 Bb4 55. Bxg5 Ba3 56. Bd2 Kc5 57. g4 Kd5 58. g5 Ke4 59. g6 Bf8 60. Ng5+ Kf5 61. Nh7 Bg7 62. Ng5 Kxg6 63. Ne6 Be5 64. Nc5 a5 65. Nd3 Bd4 66. Nc1 Bxb3+ 67. Nxb3 Be5 68. Nxa5 Kf5 69. Nc4 Bc7 70. Ba5 Bb8 71. Kc3 Ke4 72. Kb4 Kd5 73. Kb5 Bg3 74. Bb6 Ke6 75. a5 Kd7 76. a6 Kc8 77. Kc6 Kb8 78. Bc5 Ka8 79. Bd6 Ka7 80. Kb5 Bf2 81. Be5 Bg1 82. Nd2 Be3 83. Nb3 Bg1 84. Bd4+ Bxd4 85. Nxd4 Ka8 86. Kb6 Kb8 87. Nb5 Ka8 88. Nc7+ Kb8 89. a7+ Kc8 90. a8=Q+ Kd7 1-0


[Site "https://www.chess.com"]

[Event "Titled Tuesday Blitz October 12 2021"]
[White "Maly, Alexey"]
[Black "Kamsky, Gata"]
[WhiteFideId "14103184"]
[BlackFideId "2000024"]
[WhiteElo "2294"]
[BlackElo "2603"]
[Result "1-0"]
[Round "10"]
[TimeControl "180+1"]
[Date "2021.10.12"]
[WhiteClock "0:00:07"]
[BlackClock "0:00:04"]

1. d4 d5 2. c4 c6 3. e3 Nf6 4. Bd3 g6 5. Nc3 Bg7 6. Nge2 O-O 7. O-O a6 8. b4 dxc4 9. Bxc4 Nbd7 10. Bb2 e5 11. a3 exd4 12. Nxd4 Qc7 13. Rc1 Ne5 14. Be2 Neg4 15. g3 Qe5 16. Kg2 Qh5 17. h4 Bd7 18. Qb3 Rae8 19. Na4 Nd5 20. Nc5 Bc8 21. Bf3 Qh6 22. Rfe1 g5 23. Rh1 Ngxe3+ 24. fxe3 Nxe3+ 25. Kf2 g4 26. Be4 b6 27. Qxe3 Qxe3+ 28. Kxe3 bxc5 29. Rxc5 f5 30. Nxf5 Bxf5 31. Rxf5 Rxf5 32. Bxg7 Kxg7 33. Kd4 Rf6 34. Rc1 Rd6+ 35. Kc5 Rd2 36. Bxc6 Re3 37. a4 Rxg3 38. Rc4 h5 39. Kb6 Rb3 40. Kxa6 g3 41. b5 g2 42. Rc1 Rg3 43. Rg1 Rd4 44. a5 Rd6 45. Kb7 Rdg6 46. a6 1-0


[Site "https://www.chess.com"]

[Event "Titled Tuesday Blitz October 12 2021"]
[White "Mezentsev, Ivan"]
[Black "Abdyzhapar, Asylbek"]
[WhiteFideId "13706195"]
[BlackFideId "13800337"]
[WhiteElo "2295"]
[BlackElo "2383"]
[Result "0-1"]
[Round "10"]
[TimeControl "180+1"]
[Date "2021.10.12"]
[WhiteClock "0:00:01"]
[BlackClock "0:01:28"]

1. d4 d5 2. Nf3 Nf6 3. Bf4 e6 4. e3 Bd6 5. Bg3 O-O 6. Nbd2 c5 7. c3 Qc7 8. dxc5 Qxc5 9. Bd3 Bxg3 10. hxg3 h6 11. e4 Nc6 12. e5 Ng4 13. Qe2 f5 14. exf6 Rxf6 15. Nb3 Qb6 16. O-O e5 17. Bc2 Be6 18. Nh2 h5 19. Nxg4 hxg4 20. Qe3 d4 21. cxd4 exd4 22. Qg5 Raf8 23. Rae1 Bc4 24. Be4 d3 25. Bd5+ Bxd5 26. Qxd5+ Kh8 27. Qh5+ Rh6 28. Qxg4 a5 29. Rd1 a4 30. Nd2 Nd4 31. Rfe1 Nc2 32. Rf1 Ne3 33. Qe4 Nxd1 34. Qe7 Rhf6 35. Ne4 Nxf2 36. Nxf6 Ng4+ 37. Kh1 Rxf6 38. Qe8+ Kh7 39. Rxf6 Nxf6 0-1


[Site "https://www.chess.com"]

[Event "Titled Tuesday Blitz October 12 2021"]
[White "Mikhalevski, Victor"]
[Black "Volkov, Maksim"]
[WhiteFideId "2801914"]
[BlackFideId "54123070"]
[WhiteElo "2577"]
[BlackElo "2113"]
[Result "1-0"]
[Round "10"]
[TimeControl "180+1"]
[Date "2021.10.12"]
[WhiteClock "0:00:43"]
[BlackClock "0:00:02"]

1. c4 e5 2. g3 g6 3. Bg2 Bg7 4. Nc3 Nc6 5. e4 d6 6. Nge2 f5 7. d3 Nf6 8. O-O h6 9. Nd5 O-O 10. Be3 Be6 11. Rb1 a5 12. a3 Qd7 13. b4 axb4 14. axb4 g5 15. Nxf6+ Rxf6 16. exf5 Rxf5 17. b5 Nd8 18. Nc3 Rf8 19. d4 Bxc4 20. Re1 Bf7 21. dxe5 Bxe5 22. Nd5 Bg6 23. Rc1 Ne6 24. Bxg5 Nxg5 25. Rxe5 Qf7 26. Ne7+ Kh7 27. Re2 Bh5 28. Qd3+ Kg7 29. Qd4+ Kh7 30. Ree1 Bf3 31. h4 Bxg2 32. hxg5 hxg5 33. Kxg2 Qf3+ 34. Kg1 Kh6 35. Rxc7 Ra2 36. Qxd6+ Kh5 37. Qg6+ Kg4 38. Rc4+ Rf4 1-0


[Site "https://www.chess.com"]

[Event "Titled Tuesday Blitz October 12 2021"]
[White "Molina, Roberto Junio Brito"]
[Black "Demchenko, Anton"]
[WhiteFideId "2109450"]
[BlackFideId "4160258"]
[WhiteElo "2402"]
[BlackElo "2583"]
[Result "0-1"]
[Round "10"]
[TimeControl "180+1"]
[Date "2021.10.12"]
[WhiteClock "0:00:04"]
[BlackClock "0:00:11"]

1. d4 Nf6 2. c4 e6 3. Nf3 b6 4. g3 Bb7 5. Bg2 Bb4+ 6. Bd2 c5 7. Bxb4 cxb4 8. a3 Na6 9. O-O O-O 10. Qb3 Qe7 11. Nbd2 Rfc8 12. Rfc1 d5 13. Ne5 h6 14. cxd5 Nxd5 15. Ndc4 Rc7 16. Rc2 Rac8 17. Rac1 Qd8 18. e3 bxa3 19. bxa3 Nb8 20. h4 Qe7 21. a4 Na6 22. Nd2 f6 23. Nd3 Rxc2 24. Rxc2 Rxc2 25. Qxc2 Qc7 26. Qxc7 Naxc7 27. Nf4 Kf7 28. Nc4 Ke7 29. Nd3 Ba6 30. Ncb2 Bc8 31. e4 Nc3 32. f4 Ne2+ 33. Kf2 Nxd4 34. Ke3 Nb3 35. Nb4 Bd7 36. e5 fxe5 37. fxe5 Na5 38. Kd4 g5 39. hxg5 hxg5 40. Be4 g4 41. Nc2 Na6 42. Ne3 Nc5 43. Bc2 Nc6+ 44. Kc3 Nxe5 45. Nbc4 Nxc4 46. Kxc4 e5 47. Kd5 Kf6 48. Kd6 Bxa4 49. Nxg4+ Kg5 50. Bxa4 Kxg4 51. Bc2 e4 0-1


[Site "https://www.chess.com"]

[Event "Titled Tuesday Blitz October 12 2021"]
[White "Moroni, Luca Jr"]
[Black "Gaehwiler, Gabriel"]
[WhiteFideId "865834"]
[BlackFideId "1314530"]
[WhiteElo "2491"]
[BlackElo "2320"]
[Result "0-1"]
[Round "10"]
[TimeControl "180+1"]
[Date "2021.10.12"]
[WhiteClock "0:00:02"]
[BlackClock "0:00:19"]

1. d4 Nf6 2. Bf4 d6 3. e3 g6 4. Nf3 Bg7 5. h3 O-O 6. Nbd2 b6 7. Bh2 Bb7 8. a4 a5 9. c3 Nbd7 10. Bd3 Re8 11. Qe2 e5 12. dxe5 dxe5 13. e4 Nc5 14. Bc2 Ba6 15. Nc4 Qe7 16. O-O Qe6 17. Nfd2 Rad8 18. b4 Rxd2 19. Qxd2 Ncxe4 20. Bxe4 Nxe4 21. Qe3 Qxc4 22. Rfe1 Nxc3 23. bxa5 e4 24. Kh1 Bd4 25. Qd2 bxa5 26. Rac1 c5 27. Qh6 e3 28. fxe3 Bg7 29. Qg5 Bb7 30. e4 Qxa4 31. Qxc5 Nxe4 32. Qb6 Qd7 33. Rc7 Qd4 34. Qxd4 Bxd4 35. Bg1 Bxg1 36. Kxg1 Ba8 37. Ra7 f5 38. Rxa5 Bc6 39. Ra7 Kf8 40. Rc1 Bd5 41. Rcc7 Bg8 42. g4 f4 43. Kg2 Ng5 44. h4 Ne6 45. Rd7 Nc5 46. Rd4 Ne6 47. Rdd7 Rc8 48. g5 Nc5 49. Rd4 Ne6 50. Rdd7 Rc2+ 51. Kf3 Rc3+ 52. Kf2 Rc8 53. Kf3 Re8 54. Rd6 Re7 55. Ra8+ Kg7 56. Raa6 Bf7 57. Rab6 Nc5 58. Kxf4 Nd7 59. Rb7 Be8 60. Kg3 Kf8 61. Rd4 Ne5 62. Rf4+ Nf7 63. Rb8 Kg7 64. Rf6 Bd7 65. Rb7 Kf8 66. Ra7 Be8 67. Ra8 Rc7 68. Rf3 Re7 69. Rf4 Kg7 70. Rf3 Nd6 71. Rf6 Nf5+ 72. Kf4 Nxh4 73. Rd6 Nf5 74. Rdd8 Bf7 75. Rdb8 h6 76. gxh6+ Kxh6 77. Rh8+ Kg7 78. Rhb8 Kf6 79. Rb6+ Kg7 80. Raa6 Nd4 81. Kg5 Ne6+ 82. Kg4 Nf8 83. Kg5 Nh7+ 84. Kg4 Re4+ 85. Kf3 Ng5+ 86. Kg3 Rc4 87. Rb5 Ne4+ 88. Kf3 Nc5 89. Rd6 Ne4 90. Rd7 Nf6 91. Ra7 Rc3+ 92. Kf4 Rc4+ 93. Kg5 Rc6 94. Rbb7 Nh7+ 95. Kf4 Rf6+ 96. Kg4 Rf5 97. Kg3 Nf8 98. Kg2 Ne6 99. Kg3 g5 100. Re7 Kg6 101. Kg4 Rf4+ 102. Kg3 Ng7 103. Re3 Nf5+ 104. Kg2 Nxe3+ 0-1


[Site "https://www.chess.com"]

[Event "Titled Tuesday Blitz October 12 2021"]
[White "Moskalenko, Alexander"]
[Black "Koksik_13"]
[WhiteFideId "4155351"]
[WhiteElo "2515"]
[BlackElo "2728"]
[Result "0-1"]
[Round "10"]
[TimeControl "180+1"]
[Date "2021.10.12"]
[WhiteClock "0:02:11"]
[BlackClock "0:02:11"]

1. e4 e6 2. d3 d5 3. Nd2 b6 4. Ngf3 Bb7 5. Be2 Nf6 6. e5 Nfd7 7. d4 c5 8. c3 Nc6 9. h4 f6 10. exf6 Qxf6 11. Nf1 h6 12. Ng3 Bd6 13. Be3 O-O-O 14. a3 e5 15. dxe5 Ndxe5 16. Qxd5 Nd4 17. Qxb7+ Kxb7 18. cxd4 cxd4 19. Nxd4 Bc5 20. Ne4 Qg6 21. Nxc5+ bxc5 22. Nb3 Qxg2 23. Nxc5+ Ka8 24. Rf1 Nf3+ 25. Bxf3+ Qxf3 26. Ne6 Rd3 27. Nd4 Qe4 28. Rd1 Rxd1+ 29. Kxd1 Rd8 30. Kc1 Rxd4 31. Bxd4 Qxd4 32. Rg1 Qxf2 33. Rxg7 Qxh4 34. Kb1 h5 35. Rh7 Qh1+ 36. Ka2 h4 37. a4 h3 38. a5 a6 39. Rh6 h2 40. Rxa6+ Kb7 41. Rb6+ Ka7 42. Rh6 Qd5+ 43. b3 h1=Q 44. Rxh1 Qxh1 45. b4 Ka6 46. Kb3 Kb5 47. a6 Qf3+ 48. Kc2 Kxa6 49. Kc1 Kb5 50. Kd2 Kxb4 51. Ke1 Qg2 52. Kd1 Qf2 53. Kc1 Qe2 0-1


[Site "https://www.chess.com"]

[Event "Titled Tuesday Blitz October 12 2021"]
[White "Nogerbek, Kazybek"]
[Black "Mirzoev, Azer"]
[WhiteFideId "13710427"]
[BlackFideId "13400304"]
[WhiteElo "2436"]
[BlackElo "2525"]
[Result "1-0"]
[Round "10"]
[TimeControl "180+1"]
[Date "2021.10.12"]
[WhiteClock "0:00:46"]
[BlackClock "0:00:03"]

1. d4 d5 2. c4 e6 3. Nc3 Be7 4. Bf4 Nf6 5. e3 c6 6. Nf3 Nbd7 7. Qc2 O-O 8. Rd1 b6 9. h3 Bb7 10. Bd3 h6 11. O-O Rc8 12. e4 dxe4 13. Nxe4 Nxe4 14. Bxe4 Nf6 15. Bd3 Bd6 16. Be5 Qe7 17. Qe2 Rfd8 18. Rfe1 c5 19. dxc5 Bxc5 20. b3 Bb4 21. Rf1 Nd7 22. Be4 Nxe5 23. Nxe5 Bd6 24. Bxb7 Qxb7 25. Qf3 Qxf3 26. Nxf3 Kf8 27. Rfe1 Bb4 28. Rxd8+ Rxd8 29. Rc1 Ke7 30. Kf1 f5 31. Ke2 Bc5 32. Ne5 Kf6 33. Nd3 Be7 34. Rd1 g5 35. Ne1 Rxd1 36. Kxd1 Ke5 37. Nc2 Ke4 38. Ke2 h5 39. g3 h4 40. f3+ Ke5 41. gxh4 gxh4 42. Kf2 Kf4 43. b4 e5 44. a3 a5 45. Ne3 axb4 46. Nd5+ Kg5 47. axb4 Bd6 48. Ke3 Bf8 49. f4+ exf4+ 50. Kf3 Bd6 51. b5 Bc5 52. Nxf4 Kf6 53. Nd3 Bd6 54. Ke3 Be5 55. c5 bxc5 56. Nxc5 Bc7 57. Kd4 Bb6 58. Kd5 Kg5 59. Kc6 Ba7 60. Nd3 f4 61. Ne5 Kf5 62. Kd5 1-0


[Site "https://www.chess.com"]

[Event "Titled Tuesday Blitz October 12 2021"]
[White "Nozdrachev, Leonid"]
[Black "Yaksin, Oleg"]
[WhiteFideId "24113433"]
[BlackFideId "24105880"]
[WhiteElo "2124"]
[BlackElo "2256"]
[Result "0-1"]
[Round "10"]
[TimeControl "180+1"]
[Date "2021.10.12"]
[WhiteClock "0:00:01"]
[BlackClock "0:00:04"]

1. e4 c5 2. c3 Nf6 3. e5 Nd5 4. d4 cxd4 5. Nf3 Nc6 6. Bc4 Nb6 7. Bb3 d6 8. exd6 Qxd6 9. O-O e6 10. cxd4 Be7 11. Nc3 O-O 12. a3 Rd8 13. Be3 Nd5 14. Nxd5 exd5 15. Qd3 Bf6 16. Rac1 Bg4 17. Kh1 Bxf3 18. gxf3 Ne7 19. Bd2 Nc6 20. Rg1 Nxd4 21. Ba2 Nc6 22. Qf5 Qe5 23. Qh3 Qxb2 24. Bb1 g6 25. Rgd1 Qxa3 26. Qg3 Qd6 27. Bf4 Be5 28. Bxe5 Nxe5 29. h4 Nc6 30. Qh3 Qf4 31. h5 Ne5 32. Rc7 Rab8 33. Ba2 Nd3 34. Rc2 Nb4 35. Rcd2 Nxa2 36. Rxa2 a6 37. Rad2 d4 38. Re2 d3 39. Re4 Qf5 40. Qg3 Qxh5+ 41. Kg2 d2 42. Rxd2 Re8 43. Rd7 b5 44. Ree7 Qf5 45. Rxf7 Qxf7 46. Rxf7 Kxf7 47. Qc7+ Kg8 48. Qa7 Rf8 49. Qxa6 b4 50. Qc4+ Kg7 51. Qd4+ Kg8 52. Qd5+ Rf7 53. Qe5 Rbb7 54. Qe8+ Kg7 55. Qe5+ Rf6 56. Qd5 Rbf7 57. Qd4 b3 58. Qb2 Kg8 59. Qxb3 Rxf3 60. Qb8+ Rf8 61. Qd6 Rxf2+ 62. Kg1 R2f5 63. Qe6+ Kg7 64. Qe7+ R8f7 65. Qe6 Rg5+ 66. Kh2 Rff5 67. Qe7+ Kh6 68. Qe8 Rf2+ 69. Kh1 Rf1+ 70. Kh2 Rf2+ 71. Kh1 Rf4 72. Qe1 Kh5 73. Qe2+ Rfg4 74. Kh2 Kh6 0-1


[Site "https://www.chess.com"]

[Event "Titled Tuesday Blitz October 12 2021"]
[White "Perez Ponsa, Federico"]
[Black "Zhigalko, Sergei"]
[WhiteFideId "117927"]
[BlackFideId "13502956"]
[WhiteElo "2672"]
[BlackElo "2662"]
[Result "1/2-1/2"]
[Round "10"]
[TimeControl "180+1"]
[Date "2021.10.12"]
[WhiteClock "0:00:06"]
[BlackClock "0:00:03"]

1. e4 c5 2. Nf3 Nc6 3. d4 cxd4 4. Nxd4 Nf6 5. Nc3 e5 6. Ndb5 d6 7. Bg5 a6 8. Na3 b5 9. Nd5 Be7 10. Bxf6 Bxf6 11. c3 Bg5 12. Nc2 Ne7 13. Ncb4 O-O 14. a4 bxa4 15. Rxa4 a5 16. Nxe7+ Qxe7 17. Nd5 Qb7 18. b3 Bd7 19. Ra1 Rfc8 20. Be2 Be6 21. c4 Bxd5 22. exd5 Qb4+ 23. Kf1 Rcb8 24. h4 Bf6 25. Rh3 e4 26. Ra4 Qb6 27. Re3 Bd4 28. Rxe4 Bxf2 29. Ra2 Bg3 30. Bd3 Qxb3 31. Qxb3 Rxb3 32. Rxa5 Rab8 33. Rb5 g6 34. Rxb8+ Rxb8 35. Ke2 Rb3 36. h5 gxh5 37. Re3 Rb2+ 38. Kf3 h4 39. Re2 Rb3 40. Re3 Kg7 41. Bf5 Rb2 42. Bh3 Kf6 43. Kg4 Rc2 44. Re4 Rc3 45. Kh5 Rc2 46. Kh6 Ra2 47. Kh5 Rc2 48. Kh6 Rd2 49. Kh5 Rb2 50. Kh6 Ra2 51. Kh5 Rc2 1/2-1/2


[Site "https://www.chess.com"]

[Event "Titled Tuesday Blitz October 12 2021"]
[White "Rustemov, Alexander"]
[Black "Piesik, Piotr"]
[WhiteFideId "4119002"]
[BlackFideId "1136194"]
[WhiteElo "2792"]
[BlackElo "2336"]
[Result "0-1"]
[Round "10"]
[TimeControl "180+1"]
[Date "2021.10.12"]
[WhiteClock "0:00:04"]
[BlackClock "0:00:14"]

1. d4 c5 2. d5 e5 3. e4 d6 4. c4 Be7 5. Nf3 Bg4 6. Nc3 a6 7. b3 Nd7 8. Be2 Bxf3 9. Bxf3 Bg5 10. Bb2 Ne7 11. g3 O-O 12. h4 Bh6 13. Bg4 b5 14. cxb5 axb5 15. Nxb5 Qa5+ 16. Nc3 f5 17. Bxf5 Nxf5 18. exf5 Qb4 19. O-O Rxf5 20. Qe2 Raf8 21. Ne4 Qb6 22. Kg2 Nf6 23. Nxf6+ R5xf6 24. f3 Ra8 25. Qc4 Rf7 26. Rfe1 Rfa7 27. a4 Rb7 28. Ra3 Bd2 29. Re2 Bb4 30. Ra2 Qa6 31. f4 Qxc4 32. bxc4 exf4 33. gxf4 Kf7 34. Re6 Ra6 35. f5 Be1 36. f6 g6 37. Bc1 Bxh4 38. Rae2 Rd7 39. Bb2 Rxa4 40. Re7+ Rxe7 41. Rxe7+ Kf8 42. Rxh7 Rxc4 43. Kf3 Bg5 44. Rd7 Rf4+ 45. Kg3 Rf5 46. Kg4 Rxd5 47. f7 Be7 48. Bg7+ Kxg7 49. Rxe7 Rf5 50. Rd7 Rxf7 51. Rxd6 Rf5 52. Rc6 Rd5 53. Kh4 Kf7 54. Kg4 g5 55. Kh5 Ke7 56. Kg4 Kd7 57. Rf6 c4 58. Kf3 c3 59. Ke4 Rc5 60. Rf1 c2 61. Rc1 Ke6 62. Kd3 g4 63. Kd2 Kf5 64. Rf1+ Kg5 65. Kc1 g3 66. Rf8 Kg4 67. Rg8+ Kh3 68. Rh8+ Kg2 69. Rg8 Kf2 70. Rf8+ Kg1 71. Rg8 g2 72. Rf8 Rh5 73. Rg8 Kh2 74. Kxc2 g1=Q 75. Rxg1 Kxg1 0-1


[Site "https://www.chess.com"]

[Event "Titled Tuesday Blitz October 12 2021"]
[White "Salinas Herrera, Pablo"]
[Black "Le, Tuan Minh"]
[WhiteFideId "3407128"]
[BlackFideId "12401153"]
[WhiteElo "2541"]
[BlackElo "2450"]
[Result "1/2-1/2"]
[Round "10"]
[TimeControl "180+1"]
[Date "2021.10.12"]
[WhiteClock "0:00:10"]
[BlackClock "0:00:07"]

1. e4 e5 2. Nf3 Nc6 3. Bc4 Nf6 4. Ng5 d5 5. exd5 Nd4 6. c3 b5 7. Bf1 Nxd5 8. Nxf7 Kxf7 9. cxd4 exd4 10. Qf3+ Nf6 11. Bxb5 Qe7+ 12. Qe2 Qxe2+ 13. Bxe2 Bd6 14. Bc4+ Be6 15. Bxe6+ Kxe6 16. d3 Rhe8 17. Nd2 Kd7+ 18. Kf1 Re6 19. Nf3 c5 20. Bd2 Nd5 21. Re1 Rf6 22. Re4 h6 23. h4 a5 24. Ke2 a4 25. Rc1 Rb8 26. Rc2 Rf5 27. Rg4 Re8+ 28. Kf1 Re7 29. Rc4 Nb6 30. Rc1 Nd5 31. Re1 Ref7 32. Rge4 Nf6 33. R4e2 Ng4 34. Kg1 Kc6 35. Re4 h5 36. Rc1 Kd5 37. b4 axb3 38. axb3 Rxf3 39. gxf3 Rxf3 40. Re8 Rxd3 41. Be1 Rxb3 42. Ra1 Ne5 43. Rd8 Nf3+ 44. Kf1 Rb6 45. Ra7 d3 46. Rad7 c4 47. Bc3 Ke6 48. Kg2 Nxh4+ 49. Kh3 Ng6 50. Rxg7 Nf4+ 51. Kh4 Be7+ 52. Rxe7+ Kxe7 53. Rd4 Ne2 54. Rxc4 Ke6 55. Bd2 Kd5 56. Ra4 Rb2 57. Be3 Kc6 58. Rc4+ Kb5 59. Rc8 Kb4 60. Rb8+ Kc3 61. Rd8 Kc2 62. Kxh5 Nc3 63. Kg4 Rb4+ 64. Kg3 Rb5 65. Kg4 Nd5 66. Bg5 Nc7 67. f4 Ne6 68. Rd6 Nxg5 69. fxg5 d2 70. Kh5 d1=Q+ 71. Rxd1 Kxd1 72. Kh6 Ke2 73. g6 Kf3 74. g7 Rb6+ 75. Kh7 Rb7 76. Kh8 Rxg7 77. Kxg7 1/2-1/2


[Site "https://www.chess.com"]

[Event "Titled Tuesday Blitz October 12 2021"]
[White "Siva Mahadevan"]
[Black "King, Alexander"]
[WhiteFideId "25043153"]
[BlackFideId "2063620"]
[WhiteElo "2203"]
[BlackElo "2306"]
[Result "1-0"]
[Round "10"]
[TimeControl "180+1"]
[Date "2021.10.12"]
[WhiteClock "0:02:31"]
[BlackClock "0:01:05"]

1. e4 e5 2. Nf3 Nc6 3. Bb5 Nf6 4. O-O Nxe4 5. Re1 Nd6 6. Nxe5 Be7 7. Bf1 Nxe5 8. Rxe5 O-O 9. d4 Bf6 10. Bd3 g6 11. Nc3 c6 12. Qf3 Re8 13. Bf4 Re6 14. Rxe6 dxe6 15. Bxd6 Bxd4 16. Bg3 e5 17. Rd1 Kg7 18. Ne4 f5 19. c3 fxe4 20. Bxe4 Qg5 21. cxd4 Bg4 22. Bxe5+ Kg8 23. Bd5+ cxd5 24. Qxd5+ Kf8 25. Bd6+ 1-0


[Site "https://www.chess.com"]

[Event "Titled Tuesday Blitz October 12 2021"]
[White "Solon, Nathan"]
[Black "Shipov, Sergei"]
[WhiteFideId "2017229"]
[BlackFideId "4113624"]
[WhiteElo "2681"]
[BlackElo "2823"]
[Result "0-1"]
[Round "10"]
[TimeControl "180+1"]
[Date "2021.10.12"]
[WhiteClock "0:00:45"]
[BlackClock "0:01:12"]

1. d4 d5 2. c4 e6 3. Nf3 c5 4. cxd5 exd5 5. g3 Nc6 6. Bg2 Nf6 7. O-O Be7 8. dxc5 Bxc5 9. a3 a5 10. Nc3 O-O 11. Bg5 d4 12. Bxf6 Qxf6 13. Ne4 Qf5 14. Nxc5 Qxc5 15. Rc1 Qb6 16. Qd2 Bg4 17. h3 Bh5 18. Rfd1 Rad8 19. g4 Bg6 20. Nh4 Rfe8 21. Nxg6 hxg6 22. Rc4 Rd6 23. Kf1 Red8 24. Rdc1 Ne5 25. Rc7 Nc6 26. Bxc6 Qxc7 27. Be4 Qb6 28. Qc2 Re6 29. Bd3 Rc6 30. Qd2 Rdc8 31. Rb1 Qc7 32. Re1 Qh2 0-1


[Site "https://www.chess.com"]

[Event "Titled Tuesday Blitz October 12 2021"]
[White "Svane, Frederik"]
[Black "Cunha, Lucas Aguiar"]
[WhiteFideId "12923044"]
[BlackFideId "2125404"]
[WhiteElo "2459"]
[BlackElo "2361"]
[Result "1-0"]
[Round "10"]
[TimeControl "180+1"]
[Date "2021.10.12"]
[WhiteClock "0:00:26"]
[BlackClock "0:00:14"]

1. e4 c5 2. Nc3 Nc6 3. Nf3 e6 4. d4 cxd4 5. Nxd4 Qc7 6. Be3 a6 7. Qf3 Nf6 8. O-O-O Nxd4 9. Bxd4 e5 10. Qg3 d6 11. Be3 Be6 12. Be2 h6 13. f4 Rc8 14. Kb1 Nxe4 15. Nxe4 Qxc2+ 16. Ka1 Qxe4 17. Bd3 Qa4 18. Bb1 g6 19. fxe5 Bg7 20. Rxd6 Rc6 21. Rhd1 O-O 22. R1d4 Qb5 23. Rxc6 bxc6 24. Rd2 Bxe5 25. Qh4 h5 26. Bd4 Qb4 27. Qf2 Rd8 28. Bxe5 Rxd2 29. Qf6 Kf8 30. Bc3 Qd6 31. Qh8+ Ke7 32. Bf6+ Kd7 33. Qd8# 1-0


[Site "https://www.chess.com"]